 Dungeon Crawl Stone Soup version 0.30-a0-718-geaa24f58ff (webtiles) character file.

Game seed: 6486435921913668989

875 Newt the Magician (level 7, -5/54 HPs)
             Began as a Demonspawn Gladiator on Jan 25, 2023.
             Was an Initiate of Hepliaklqana.
             Slain by a vampire (6 damage)
             ... on level 8 of the Dungeon.
             The game lasted 00:07:18 (5452 turns).

Newt the Magician (Demonspawn Gladiator)            Turns: 5452, Time: 00:07:19

Health: -5/54      AC:  7    Str: 16    XL:     7   Next: 74%
Magic:  11/14      EV: 13    Int: 12    God:    Hepliaklqana [......]
Gold:   429        SH:  0    Dex: 14    Spells: 15/16 levels left

rFire   + . .      SeeInvis .    a - +1 rapier
rCold   . . .      Faith    .    (no shield)
rNeg    . . .      Spirit   .    e - +1 leather armour of the Sturgeon {Will+}
rPois   .          Reflect  .    c - +0 helmet
rElec   .          Harm     .    (no cloak)
rCorr   .          Rampage  .    g - +1 pair of gloves
Will    +....                    (no boots)
Stlth   ++                       (no amulet)
HPRegen 0.29/turn                w - ring of protection from fire
MPRegen 0.14/turn                (no ring)

@: brilliant
A: big brain 1, demonic magic 1, weakness stinger 2
a: Renounce Religion


You were on level 8 of the Dungeon.
You worshipped Hepliaklqana.
Hepliaklqana was noncommittal.
You visited 2 branches of the dungeon, and saw 9 of its levels.

You collected 429 gold pieces.

Inventory:

Hand Weapons
 a - a +1 rapier (weapon)
 b - the +9 falchion of the Reaper {drain, Dex+4}
   (You found it on level 5 of the Dungeon)

   Dex:       It affects your dexterity (+4).
Missiles
 d - 4 throwing nets
 n - 13 poisoned darts
 o - a javelin
Armour
 c - a +0 helmet (worn)
 e - the +1 leather armour of the Sturgeon (worn) {Will+}
   (You took it off a kobold on level 4 of the Dungeon)

   Will:      It increases your willpower.
 g - a +1 pair of gloves (worn)
 x - a +0 leather armour
Jewellery
 p - a ring of fire
 r - a ring of ice
 w - a ring of protection from fire (left hand)
 y - a ring of see invisible
Wands
 t - a wand of mindburst (9)
Scrolls
 i - a scroll of fog
 s - 2 scrolls of enchant armour
Potions
 f - a potion of berserk rage
 h - a potion of attraction
 j - a potion of might
 k - a potion of mutation
 l - a potion of magic {unknown}
 m - a potion of lignification
 v - a potion of heal wounds {unknown}
 z - a potion of resistance {unknown}


   Skills:
 - Level 4.0 Fighting
 - Level 4.0 Short Blades
 - Level 1.7 Throwing
 - Level 4.0 Dodging
 - Level 2.0 Stealth
 - Level 5.0 Spellcasting
 + Level 2.2 Summonings


You had 15 spell levels left.
You knew the following spells:

 Your Spells              Type           Power      Damage    Failure   Level
a - Summon Small Mammal   Summ           48%        N/A       10%         1

Your spell library contained the following spells:

 Spells                   Type           Power      Damage    Failure   Level
 Beastly Appendage        Tmut           8%         N/A       24%         1
 Call Canine Familiar     Summ           12%        N/A       28%         3
 Cigotuvi's Dreadful Rot  Necr/Pois/Air  8%         N/A       36%         2
 Ensorcelled Hibernation  Hex/Ice        8%         N/A       36%         2
 Poisonous Vapours        Pois/Air       8%         N/A       36%         2
 Wereblood                Tmut           4%         N/A       36%         2
 Summon Guardian Golem    Hex/Summ       8%         N/A       43%         3
 Dazzling Flash           Conj/Hex       8%         N/A       58%         3
 Mephitic Cloud           Conj/Pois/Air  4%         N/A       58%         3
 Spider Form              Tmut/Pois      4%         N/A       58%         3
 Anguish                  Hex/Necr       2%         N/A       94%         4
 Iskenderun's Mystic Bla  Conj/Tloc      4%         2d3       94%         4
 Starburst                Conj/Fire      2%         6d3       100%        6


Dungeon Overview and Level Annotations

Branches:
Dungeon (9/15)             Temple (1/1) D:5
   Lair: D:8-11         Orc: D:9-12

Altars:
Ashenzari
Cheibriados
Dithmenos
Fedhas
Gozag
Hepliaklqana
Kikubaaqudgha
Makhleb
Nemelex Xobeh
Okawaru
Qazlal
Ru
Sif Muna
Trog
Uskayaw
Vehumet
Wu Jian
Xom
Yredelemnul


Innate Abilities, Weirdness & Mutations

You have an unusually large brain. (Int +2)
Spells you cast may paralyse adjacent enemies.
You have a tail ending in a sharp stinger.


Message History

Nothing appears to happen.
Aiming: Mindburst
Press: ? - help, Shift-Dir - straight line, f/p - orc
Aim: an orc, wielding a +0 flail (chance to affect: 79%)
The orc's mind is blasted!
You blow up the orc!
A magic dart appears from out of thin air!
The magic dart hits something.
Aiming: Mindburst
Press: ? - help, Shift-Dir - straight line, f - wight
Aim: a wight, wielding a +2 short sword and wearing a +0 robe (chance to affect: 64%)
Okay, then.
As you read the scroll of fog, it crumbles to dust.
The scroll dissolves into smoke.
Casting: Summon Small Mammal (safe; 10% risk of failure)
Press: ? - help, Q - select action, (/) - cycle Dir - look around, f - activate Malevolent energies surge around you.
Casting: Summon Small Mammal (safe; 10% risk of failure)
Press: ? - help, Q - select action, (/) - cycle Dir - look around, f - activate Malevolent energies surge around you.
Something hits you but does no damage. Something bites you!
Something draws strength from your injuries!
You hit something.
Your bat hits something but does no damage.
Something hits you!
* * * LOW HITPOINT WARNING * * *
Something bites you.
* * * LOW HITPOINT WARNING * * *
Something draws strength from your injuries!
Casting: Summon Small Mammal (safe; 10% risk of failure)
Press: ? - help, Q - select action, (/) - cycle Dir - look around, f - activate Malevolent energies surge around you.
Your bat disappears in a puff of smoke!
Something hits you.
* * * LOW HITPOINT WARNING * * *
Something barely misses you.
It was a potion of brilliance.
You feel clever all of a sudden.
Your rat misses something. Something hits you.
You die...

########
#@rr...#
#§{§...#
###§{{§..###
#....§.....#
#..........#
#.......)..##
#.....$.)...#
#........z..####
##########.....#


You could see 2 friendly rats.

Vanquished Creatures
  Sigmund (D:5)
  An ice beast (D:6)
  5 hounds
  Natasha (twice) (D:2)
  An iguana (D:6)
  4 orc wizards
  10 adders
  3 river rats (D:4)
  A white imp (D:6)
  An ufetubus (D:4)
  6 worms
  2 dart slugs (D:3)
  19 orcs
  4 bats
  2 endoplasms
  4 giant cockroaches
  6 hobgoblins
  6 jackals
  2 quokkas
  3 ball pythons
  6 frilled lizards
  6 goblins
  9 kobolds
  8 rats
112 creatures vanquished.

Vanquished Creatures (collateral kills)
  An orc priest (D:5)
  2 orcs (D:5)
  A ball python (D:2)
4 creatures vanquished.

Grand Total: 116 creatures vanquished

Notes
Turn   | Place    | Note
-------+----------+-------------------------------------------
     0 | D:1      | Newt the Demonspawn Gladiator began the quest for the Orb.
     0 | D:1      | Reached XP level 1. HP: 16/16 MP: 1/1
    29 | D:1      | Reached skill level 1 in Stealth
   195 | D:1      | Gained mutation: You have a small tail. [demonic ancestry]
   195 | D:1      | Reached XP level 2. HP: 22/22 MP: 2/2
   800 | D:2      | Found a faded altar of an unknown god.
   988 | D:2      | Gained mutation: You have an unusually large brain. (Int
                  | +2) [demonic ancestry]
   988 | D:2      | Reached XP level 3. HP: 22/28 MP: 3/3
  1129 | D:2      | Noticed Natasha
  1157 | D:2      | Killed Natasha
  1158 | D:2      | Gained mutation: Spells you cast may paralyse adjacent
                  | enemies. [demonic ancestry]
  1158 | D:2      | Reached XP level 4. HP: 18/37 MP: 4/4
  1842 | D:2      | Noticed Natasha
  1852 | D:2      | Killed Natasha
  2059 | D:3      | Reached XP level 5. HP: 15/42 MP: 5/5
  3336 | D:4      | Identified the +1 leather armour of the Sturgeon {Will+}
  3363 | D:4      | Gained mutation: You have a tail ending in a sharp stinger.
                  | [demonic ancestry]
  3363 | D:4      | Reached XP level 6. HP: 34/48 MP: 6/6
  3575 | D:4      | Reached skill level 1 in Spellcasting
  3765 | D:4      | Reached skill level 2 in Spellcasting
  4157 | D:5      | Entered Level 5 of the Dungeon
  4164 | D:5      | Learned a level 1 spell: Summon Small Mammal
  4416 | D:5      | Found a staircase to the Ecumenical Temple.
  4453 | D:5      | Reached skill level 3 in Spellcasting
  4505 | D:5      | Noticed Sigmund
  4526 | D:5      | Reached XP level 7. HP: 17/54 MP: 9/12
  4576 | D:5      | Killed Sigmund
  4577 | D:5      | Reached skill level 4 in Spellcasting
  4702 | Temple   | Entered the Ecumenical Temple
  4827 | Temple   | Became a worshipper of Hepliaklqana the Forgotten
  4840 | D:5      | Identified the +9 falchion of the Reaper {drain, Dex+4}
  4945 | D:5      | Found a shadowy altar of Dithmenos.
  4946 | D:5      | Found a radiant altar of Vehumet.
  4947 | D:5      | Found a basalt altar of Yredelemnul.
  4947 | D:5      | Found a burning altar of Makhleb.
  5292 | D:6      | Reached skill level 5 in Spellcasting
  5412 | D:6      | You fall into a shaft and drop 3 floors!
  5415 | D:9      | Noticed a vampire
  5451 | D:8      | HP: 1/54 [something (3)]
  5452 | D:8      | Slain by a vampire

Illustrated notes

Levels and vault maps discovered:
D:1:      amcnicky_arrival_blooded_trapdoor, layout_loops_cross
D:2:      layout_rooms, basic_ecumenical_altar, grunt_decor_fettered,
          minivault_24, hangedman_decor_lopped, hangedman_decor_opposing,
          uniq_natasha
D:3:      layout_loops_ring
D:4:      layout_basic, lightli_sewer_entry_pipes
D:5:      layout_basic, mainiacjoe_overflow_alcove_3, minmay_temple_entry_glass,
          uniq_sigmund
D:6:      layout_gridville, chequers_serial_rivers_marsh, grunt_ministairs_14
D:8:      layout_rooms, uniq_gastronok, uniq_grum, uniq_erica
D:9:      layout_roguey
Temple:   nicolae_temple_two_arcs

Skill      XL: |  1  2  3  4  5  6  7 |
---------------+----------------------+-----
Stealth        | 1 2 |  2.0
Fighting       | 3 4 |  4.0
Short Blades   | 3 4 |  4.0
Dodging        | 3 4 |  4.0
Spellcasting   | 3 5 |  5.0
Summonings     | 2 |  2.2
Throwing       | |  1.7

Action                     |  1- 3 |  4- 6 |  7- 9 || total
---------------------------+-------+-------+-------++-------
  Melee: Rapier            |   104 |   294 |    19 ||   417
         Tailslap          |    11 |    44 |     8 ||    63
         Punch             |       |     3 |       ||     3
         Falchion          |       |       |    12 ||    12
  Throw: Javelin           |     1 |     2 |       ||     3
         Dart              |       |    11 |       ||    11
   Cast: Summon Small Mamm |       |     3 |    13 ||    16
  Evoke: Wand              |       |       |     4 ||     4
    Use: Scroll            |     2 |     7 |     3 ||    12
         Potion            |       |     1 |     1 ||     2
   Stab: Sleeping          |     3 |     4 |       ||     7
         Paralysed         |       |     6 |    11 ||    17
 Armour: Leather armour    |    41 |    98 |    16 ||   155
  Dodge: Dodged            |    73 |   208 |    27 ||   308

Table legend: (Time is in decaauts)
 A = Elapsed time spent in this place.
 B = Non-inter-level travel time spent in this place.
 C = Inter-level travel time spent in this place.
 D = Time resting spent in this place.
 E = Time spent auto-exploring this place.
 F = Levels seen in this place.
 G = Mean time per level.
                   A        B        C        D        E       F      G
               +--------+--------+--------+--------+--------+-----+--------+
         Total |   5498 |   5320 |    178 |    711 |   3611 |   9 |  610.9 |
       Dungeon |   5363 |   5209 |    154 |    711 |   3507 |   8 |  670.4 |
        Temple |    134 |    111 |     23 |      0 |    104 |   1 |  134.0 |
               +--------+--------+--------+--------+--------+-----+--------+

Top non-repeatable levels by time:
     D:4: 1378 daAuts
     D:2: 1226 daAuts
     D:5: 841 daAuts
     D:1: 804 daAuts
     D:3: 794 daAuts
     D:6: 278 daAuts
  Temple: 134 daAuts
     D:8: 22 daAuts
     D:9: 16 daAuts
